 Dungeon Sprint DCSS version 0.21-a0-41-g5e91fef (webtiles) character file.

20694 Kidiri the Eclecticist (level 12, -3/76 HPs)
             Began as a Deep Elf Fire Elementalist on June 3, 2017.
             Was the Champion of Vehumet.
             Slain by a vampire knight
             ... wielding a +0 long sword
              (28 damage)
             ... in the Dungeon (Sprint V: "Ziggurat Sprint").
             The game lasted 00:16:31 (1406 turns).

Kidiri the Eclecticist (Deep Elf Fire Elementalist) Turns: 1406, Time: 00:16:31

Health: -3/76      AC:  4    Str:  5    XL:     12   Next: 47%
Magic:  27/45      EV: 14    Int: 32    God:    Vehumet [******]
Gold:   0          SH: 28    Dex: 15    Spells: 15/48 levels left

rFire    + + .     SeeInvis +   P - +1 falchion of the Scavenger {slice, rPois rF+}
rCold    + . .     Gourm    .   L - +18 shield of the Gong {rElec rN+ MR+ EV-5}
rNeg     + . .     Faith    .   y - +2 robe {rC+ rF+}
rPois    +         Spirit   .   (no helmet)
rElec    +         Reflect  .   (no cloak)
rCorr    .         Harm     .   (no gloves)
MR       ++...     NoTele   +   (no boots)
Stlth    ++........             (no amulet)
Regen    0.3/turn               B - +6 ring of intelligence
MPRegen  0.3/turn               D - ring "Jonyh" {MP+9 SInv}

@: studying Crossbows
A: no striking features
a: Renounce Religion


You were in the Dungeon.
You worshipped Vehumet.
Vehumet was exalted by your worship.
You were not hungry.

You visited 1 branch

Inventory:

Hand Weapons
 a - the +11 morningstar "Kidiri's Death" {crush, +Blink +Inv rF- rC++}
   (You found it in the Dungeon)

   It inflicts extra damage upon your enemies.
   It makes you vulnerable to fire.
   It greatly protects you from cold.
   It lets you turn invisible.
   It lets you blink.
 m - a +5 quick blade
 P - the +1 falchion of the Scavenger (weapon) {slice, rPois rF+}
   (You found it in the Dungeon)

   It inflicts extra damage upon your enemies.
   It protects you from fire.
   It protects you from poison.
Armour
 y - a +2 robe of resistance (worn)
 L - the +18 shield of the Gong (worn) {rElec rN+ MR+ EV-5}
   (You found it in the Dungeon)

   It affects your evasion (-5).
   It insulates you from electricity.
   It protects you from negative energy.
   It affects your resistance to hostile enchantments.
 M - +5 gold dragon scales
 Q - the +0 pair of boots of Instinct {rPois Regen+ rCorr Int-4}
   (You found it in the Dungeon)

   It affects your intelligence (-4).
   It protects you from poison.
   It increases your rate of regeneration.
   It protects you from acid and corrosion.
Jewellery
 z - the amulet of Bakhef {Faith Stlth+}
   (You found it in the Dungeon)

   [amulet of faith]

   It allows you to gain divine favour quickly.
   It makes you more stealthy.
 A - a +6 ring of intelligence
 B - a +6 ring of intelligence (left hand)
 D - the ring "Jonyh" (right hand) {MP+9 SInv}
   (You found it in the Dungeon)

   [ring of see invisible]

   It affects your magic capacity (+9).
   It lets you see invisible.
 N - an uncursed ring of wizardry
Wands
 E - a wand of disintegration (6/24)
 F - a wand of iceblast (5/15)
 G - a wand of lightning (5/15)
 H - a wand of acid (5/15)
Scrolls
 i - 3 scrolls of blinking
 p - 4 scrolls of amnesia
 q - 3 scrolls of recharging
 r - 7 scrolls of fog
 s - 2 scrolls of holy word
 t - 5 scrolls of identify
 u - 4 scrolls of remove curse
 v - 2 scrolls of fear
 C - 4 scrolls of enchant weapon
 T - 2 scrolls of brand weapon
Potions
 d - 10 potions of curing
 e - 9 potions of heal wounds
 f - 6 potions of haste
 g - 5 potions of magic
 h - 3 potions of berserk rage
 j - 2 potions of brilliance
 k - 2 potions of invisibility
 l - 4 potions of resistance
 n - 6 potions of agility
 o - 5 potions of might
Books
 b - a book of Flames

   Spells                             Type                      Level
   a - Flame Tongue                   Conjuration/Fire             1
   b - Throw Flame                    Conjuration/Fire             2
   c - Conjure Flame                  Conjuration/Fire             3
   d - Inner Flame                    Hexes/Fire                   3
   e - Sticky Flame                   Conjuration/Fire             4
   f - Fireball                       Conjuration/Fire             5
 R - a book of Conjurations

   Spells                             Type                      Level
   a - Magic Dart                     Conjuration                  1
   b - Searing Ray                    Conjuration                  2
   c - Dazzling Spray                 Conjuration/Hexes            3
   d - Fulminant Prism                Conjuration/Hexes            4
   e - Force Lance                    Conjuration/Translocation    4
   f - Iskenderun's Mystic Blast      Conjuration                  4
 S - a book of Air

   Spells                             Type                      Level
   a - Shock                          Conjuration/Air              1
   b - Swiftness                      Charms/Air                   2
   c - Static Discharge               Conjuration/Air              3
   d - Airstrike                      Air                          4
   e - Lightning Bolt                 Conjuration/Air              5
 U - a manual of Crossbows
 V - the Tome of Distant Worlds
   (You found it in the Dungeon)

   Spells                             Type                      Level
   a - Flame Tongue                   Conjuration/Fire             1
   b - Sting                          Conjuration/Poison           1
   c - Stone Arrow                    Conjuration/Earth            3
   d - Lightning Bolt                 Conjuration/Air              5
Comestibles
 c - 5 bread rations
 w - 42 fruits
 x - 4 meat rations
 O - 25 chunks of flesh


   Skills:
 + Level 9.2 Fighting
 + Level 7.8 Long Blades
 + Level 9.3 Armour
 - Level 12.2 Dodging
 - Level 2.4 Stealth
 + Level 9.3 Shields
 - Level 5.8 Unarmed Combat
 * Level 18.8 Spellcasting
 + Level 11.9 Conjurations
 + Level 12.4 Fire Magic
 + Level 4.0 Air Magic
 + Level 4.2 Earth Magic
 + Level 4.2 Poison Magic


You had 15 spell levels left.
You knew the following spells:

 Your Spells              Type           Power        Failure   Level  Hunger
a - Flame Tongue          Conj/Fire      #####        0%          1    None
b - Throw Flame           Conj/Fire      ######       1%          2    None
c - Conjure Flame         Conj/Fire      #######.     1%          3    None
d - Inner Flame           Hex/Fire       ######..     1%          3    None
e - Sticky Flame          Conj/Fire      #######.     1%          4    None
f - Fireball              Conj/Fire      #######...   1%          5    None
g - Airstrike             Air            ######....   1%          4    None
h - Mephitic Cloud        Conj/Pois/Air  ######..     1%          3    None
i - Bolt of Magma         Conj/Fire/Erth ######....   1%          5    None
j - Stone Arrow           Conj/Erth      ######       1%          3    None


Dungeon Overview and Level Annotations

Branches:
Dungeon (1/1)

Altars:
Ashenzari
Cheibriados
Dithmenos
Elyvilon
Fedhas
Gozag
Hepliaklqana
Kikubaaqudgha
Makhleb
Nemelex Xobeh
Okawaru
Qazlal
Ru
Sif Muna
Trog
Uskayaw
Vehumet
Wu Jian
Xom
Yredelemnul
Zin
The Shining One
Beogh
Jiyva
Lugonu


Message History

The bolt of magma misses the vampire.
You block the vampire knight's attack.
BONNNG!
You block the vampire knight's attack.
GONNNNG!
The vampire knight hits you with a long sword!!
The vampire knight bites you!
The vampire knight draws strength from your injuries!
Casting: Bolt of Magma
Confirm with . or Enter, or press ? or * to list all spells.
Aiming: Bolt of Magma
Press: ? - help, Shift-Dir - straight line, f/p - vampire
Aim: a vampire, wielding a staff of power and wearing a robe (slightly transparent)
The bolt of magma hits the vampire knight.
The vampire knight is severely damaged.
The bolt of magma hits the wight.
The wight partially resists.
The wight is moderately damaged.
The bolt of magma hits the vampire.
The vampire is almost destroyed.
The vampire knight hits you with a long sword!!
You die...

▓...8©8
▓...........▓...:|)
▓......p....▓...|:}
▓......n....▓...)..
▓....z......▓...)..
▓..▓.....▓..▓......
▓.▓W▓n..▓.▓ ▓...).)
▓.V▓nz...▓..▓.....)
▓.@VzV......▓....(.
▓▓▓▓▓▓▓▓▓▓▓▓▓▓▓▓▓▓▓
▓...8©8...▓...8©8..
▓...)})}..▓..).}.).
▓...}.()..▓..)(:.[.
▓....).(..▓...)....
▓....)....▓....)...
▓.........▓...()...
▓....)....▓...)....


You could see a ghoul, 2 vampire knights, 2 skeletal warriors, a necromancer, a
vampire (invisible), a necrophage, a shadow and a wight.

Vanquished Creatures
  A lich (D)
  A frost giant (D)
  2 stone giants (D)
  A vampire knight (D)
  7 vault guards (D)
  4 two-headed ogres (D)
  2 cyclopes (D)
  3 black mambas (D)
  A naga mage (D)
  2 spiny frogs (D)
  A yaktaur (D)
  A komodo dragon (D)
  A troll (D)
  6 merfolk (D)
  A hippogriff (D)
  2 yaks (D)
  2 large abominations (D)
  A naga (D)
  3 water moccasins (D)
  2 porcupines (D)
  2 orc warriors (D)
  2 ogres (D)
  4 phantoms (D)
  A centaur (D)
  A bullfrog (D)
  2 wights (D)
  4 orc priests (D)
  An iron imp (D)
  3 orc wizards (D)
  An adder (D)
  A river rat (D)
  A shadow imp (D)
  A white imp (D)
  4 orcs (D)
  A bat skeleton (D)
  A jackal (D)
  A ball python skeleton (D)
  A leopard gecko zombie (D)
76 creatures vanquished.

Notes
Turn   | Place    | Note
-------+----------+-------------------------------------------
     0 | D        | Kidiri the Deep Elf Fire Elementalist began the quest for the Orb.
     0 | D        | Reached XP level 1. HP: 10/10 MP: 6/6
     0 | D        | Found a deep blue altar of Sif Muna.
     0 | D        | Found a bloodstained altar of Trog.
     0 | D        | Found a sacrificial altar of Ru.
     0 | D        | Found a stormy altar of Qazlal.
     0 | D        | Found an iron altar of Okawaru.
     1 | D        | Found a sparkling altar of Nemelex Xobeh.
     1 | D        | Found a blossoming altar of Fedhas.
     3 | D        | Found a transporter.
     3 | D        | Found an ancient bone altar of Kikubaaqudgha.
     3 | D        | Found a viscous altar of Jiyva.
     3 | D        | Found a corrupted altar of Lugonu.
     3 | D        | Found a hazy altar of Hepliaklqana.
     3 | D        | Found a burning altar of Makhleb.
     3 | D        | Found an opulent altar of Gozag.
    48 | D        | Became a worshipper of Vehumet
    66 | D        | Reached skill level 1 in Fighting
    66 | D        | Reached skill level 1 in Armour
    66 | D        | Reached skill level 1 in Shields
    66 | D        | Reached skill level 1 in Unarmed Combat
    66 | D        | Reached skill level 5 in Spellcasting
    66 | D        | Reached XP level 2. HP: 16/16 MP: 7/10
    70 | D        | Learned a level 2 spell: Throw Flame
   118 | D        | Entered arena 2.
   118 | D        | Noticed a phantom
   118 | D        | Noticed a wight
   118 | D        | Found a transporter.
   121 | D        | Killed a wight
   121 | D        | Reached skill level 6 in Spellcasting
   121 | D        | Reached XP level 3. HP: 20/21 MP: 7/12
   126 | D        | Killed a phantom
   126 | D        | Reached skill level 5 in Dodging
   126 | D        | Reached skill level 7 in Spellcasting
   126 | D        | Reached skill level 5 in Fire Magic
   126 | D        | Reached XP level 4. HP: 27/27 MP: 2/15
   135 | D        | Learned a level 3 spell: Conjure Flame
   139 | D        | Learned a level 3 spell: Inner Flame
   144 | D        | Learned a level 4 spell: Sticky Flame
   216 | D        | Entered arena 3.
   216 | D        | Noticed a phantom
   216 | D        | Noticed a phantom
   216 | D        | Found a transporter.
   219 | D        | Reached * piety under Vehumet
   219 | D        | Offered knowledge of Sandblast by Vehumet.
   219 | D        | Reached XP level 5. HP: 32/32 MP: 13/17
   229 | D        | Killed a phantom
   229 | D        | Reached skill level 8 in Spellcasting
   242 | D        | Killed a phantom
   242 | D        | Reached skill level 9 in Spellcasting
   242 | D        | Reached skill level 5 in Conjurations
   242 | D        | Reached XP level 6. HP: 28/37 MP: 16/20
   249 | D        | Learned a level 5 spell: Fireball
   313 | D        | Entered arena 4.
   313 | D        | Found a transporter.
   314 | D        | Reached ** piety under Vehumet
   319 | D        | Reached *** piety under Vehumet
   362 | D        | Entered arena 5.
   362 | D        | Noticed a yak
   362 | D        | Found a transporter.
   367 | D        | Killed a yak
   367 | D        | Reached skill level 10 in Spellcasting
   367 | D        | Reached XP level 7. HP: 43/43 MP: 7/22
   381 | D        | Got the cursed +1 falchion of the Scavenger {slice, rPois rF+}
   448 | D        | Got the +0 pair of boots of Instinct {rPois Regen+ rCorr Int-4}
   471 | D        | Entered arena 6.
   471 | D        | Noticed a large abomination
   471 | D        | Noticed a large abomination
   471 | D        | Found a transporter.
   472 | D        | Reached **** piety under Vehumet
   472 | D        | Offered knowledge of Sting by Vehumet.
   474 | D        | Killed a large abomination
   479 | D        | Killed a large abomination
   479 | D        | Reached ***** piety under Vehumet
   479 | D        | Reached skill level 11 in Spellcasting
   557 | D        | Entered arena 7.
   559 | D        | Reached XP level 8. HP: 48/48 MP: 16/25
   559 | D        | Reached skill level 5 in Unarmed Combat
   560 | D        | Found a transporter.
   601 | D        | Entered arena 8.
   601 | D        | Noticed a spiny frog
   601 | D        | Noticed a komodo dragon
   601 | D        | Noticed a spiny frog
   602 | D        | Offered knowledge of Static Discharge by Vehumet.
   603 | D        | Reached skill level 5 in Armour
   603 | D        | Reached skill level 5 in Shields
   603 | D        | Killed a spiny frog
   603 | D        | Reached skill level 5 in Fighting
   603 | D        | Reached skill level 12 in Spellcasting
   606 | D        | Killed a spiny frog
   607 | D        | Reached ****** piety under Vehumet
   607 | D        | Reached XP level 9. HP: 54/54 MP: 10/27
   613 | D        | Killed a komodo dragon
   613 | D        | Reached skill level 13 in Spellcasting
   616 | D        | Found a transporter.
   758 | D        | Identified the Almanac of Transmigration (You found it in the Dungeon)
   764 | D        | Learned a level 4 spell: Airstrike
   766 | D        | Entered arena 9.
   767 | D        | Offered knowledge of Mephitic Cloud by Vehumet.
   768 | D        | Found a transporter.
   793 | D        | Identified the Tome of Distant Worlds (You found it in the Dungeon)
   799 | D        | Learned a level 3 spell: Mephitic Cloud
   807 | D        | Identified the Tome of Distant Worlds (You found it in the Dungeon)
   807 | D        | Identified the Tome of Distant Worlds (You found it in the Dungeon)
   810 | D        | Entered arena 10.
   810 | D        | Noticed a merfolk
   810 | D        | Noticed a merfolk
   810 | D        | Noticed a merfolk
   810 | D        | Noticed a merfolk
   810 | D        | Noticed a merfolk
   810 | D        | Noticed a merfolk
   811 | D        | Offered knowledge of Bolt of Magma by Vehumet.
   811 | D        | Reached skill level 1 in Long Blades
   813 | D        | Killed a merfolk
   813 | D        | Killed a merfolk
   815 | D        | Killed a merfolk
   815 | D        | Killed a merfolk
   815 | D        | Reached skill level 14 in Spellcasting
   817 | D        | Killed a merfolk
   819 | D        | Killed a merfolk
   819 | D        | Reached XP level 10. HP: 42/61 MP: 20/30
   822 | D        | Found a transporter.
   839 | D        | Identified the Almanac of the First Songs (You found it in the Dungeon)
   839 | D        | Identified the Almanac of the First Songs (You found it in the Dungeon)
   848 | D        | Learned a level 5 spell: Bolt of Magma
   857 | D        | Learned a level 3 spell: Stone Arrow
   915 | D        | Entered arena 11.
   915 | D        | Noticed a black mamba
   915 | D        | Noticed a black mamba
   915 | D        | Noticed a black mamba
   915 | D        | Noticed a naga mage
   917 | D        | Killed a black mamba
   917 | D        | Offered knowledge of Poison Arrow by Vehumet.
   917 | D        | Reached skill level 10 in Dodging
   917 | D        | Killed a black mamba
   920 | D        | Killed a black mamba
   920 | D        | Reached skill level 15 in Spellcasting
   920 | D        | Reached skill level 10 in Fire Magic
   923 | D        | Killed a naga mage
   924 | D        | Found a transporter.
   981 | D        | Got the +11 morningstar "Kidiri's Death" {crush, +Blink +Inv rF- rC++}
  1058 | D        | Entered arena 12.
  1058 | D        | Noticed a vault guard
  1058 | D        | Noticed a vault guard
  1058 | D        | Noticed a vault guard
  1058 | D        | Noticed a stone giant
  1058 | D        | Noticed a vault guard
  1060 | D        | Noticed a lich
  1060 | D        | Noticed a vault guard
  1060 | D        | Noticed a vault guard
  1061 | D        | Noticed a vault guard
  1062 | D        | Killed a vault guard
  1063 | D        | Killed a vault guard
  1064 | D        | Killed a lich
  1064 | D        | Offered knowledge of Iskenderun's Battlesphere by Vehumet.
  1064 | D        | Reached skill level 5 in Long Blades
  1064 | D        | Reached skill level 16 in Spellcasting
  1064 | D        | Reached skill level 10 in Conjurations
  1064 | D        | Reached XP level 11. HP: 48/68 MP: 6/33
  1064 | D        | Killed a vault guard
  1064 | D        | Killed a vault guard
  1066 | D        | Found a transporter.
  1068 | D        | Killed a vault guard
  1068 | D        | Reached skill level 17 in Spellcasting
  1069 | D        | Killed a stone giant
  1070 | D        | Killed a vault guard
  1073 | D        | Killed a vault guard
  1109 | D        | Got the amulet of Bakhef {Faith Stlth+}
  1114 | D        | Identified the Guide on Flying Augmentations (You found it in the Dungeon)
  1177 | D        | Entered arena 13.
  1177 | D        | Noticed a two-headed ogre
  1177 | D        | Noticed a two-headed ogre
  1179 | D        | Noticed a two-headed ogre
  1180 | D        | Noticed a two-headed ogre
  1180 | D        | Killed a two-headed ogre
  1180 | D        | Reached skill level 1 in Air Magic
  1180 | D        | Reached skill level 1 in Earth Magic
  1180 | D        | Reached skill level 1 in Poison Magic
  1180 | D        | Reached skill level 18 in Spellcasting
  1180 | D        | Reached XP level 12. HP: 55/75 MP: 26/36
  1181 | D        | Noticed a stone giant
  1181 | D        | Killed a two-headed ogre
  1182 | D        | Noticed a frost giant
  1187 | D        | Killed a two-headed ogre
  1187 | D        | Killed a two-headed ogre
  1190 | D        | Killed a stone giant
  1192 | D        | Killed a frost giant
  1198 | D        | Found a transporter.
  1231 | D        | Got the ring "Jonyh" {MP+9 SInv}
  1398 | D        | Entered arena 14.
  1398 | D        | Noticed a vampire knight
  1398 | D        | Noticed a vampire knight
  1398 | D        | Noticed a vampire knight
  1401 | D        | Noticed a ghoul
  1405 | D        | Killed a vampire knight
  1406 | D        | Slain by a vampire knight

Vault maps used:
D:        sprint_v

Skill      XL: |  1  2  3  4  5  6  7  8  9 10 11 12 |
---------------+-------------------------------------+-----
Fighting       | 1 2 3 4 5 6 7 8 9 |  9.2
Armour         | 1 2 3 4 5 6 7 8 9 |  9.3
Dodging        | 3 4 5 6 7 8 9 11 12 | 12.2
Shields        | 1 2 3 4 5 6 7 8 9 |  9.3
Unarmed Combat | 1 2 3 4 5 |  5.8
Spellcasting   | 5 6 7 9 10 11 12 14 16 18 | 18.8
Conjurations   | 2 3 4 5 6 7 8 10 11 | 11.9
Fire Magic     | 4 5 6 7 8 9 10 11 12 | 12.4
Long Blades    | 2 5 7 |  7.8
Air Magic      | 1 4 |  4.0
Earth Magic    | 1 4 |  4.2
Poison Magic   | 1 4 |  4.2
Stealth        | |  2.4

Action                   |  1- 3 |  4- 6 |  7- 9 | 10-12 || total
-------------------------+-------+-------+-------+-------++-------
Melee: Falchion          |       |       |     4 |    11 ||    15
 Cast: Flame Tongue      |     7 |    32 |     4 |     3 ||    46
       Fireball          |       |     3 |    16 |    24 ||    43
       Sticky Flame      |       |       |     5 |     5 ||    10
       Bolt of Magma     |       |       |       |     5 ||     5
       Airstrike         |       |       |       |     1 ||     1
Evoke: Wand              |       |       |     1 |       ||     1
  Use: Potion            |     1 |     2 |       |     1 ||     4
       Scroll            |       |       |     1 |     1 ||     2
  Eat: Chunk             |       |       |       |     2 ||     2
Dodge: Dodged            |     2 |     6 |     1 |     4 ||    13
Block: Buckler           |     2 |     4 |       |       ||     6
       Shield            |       |       |     8 |    36 ||    44
       Rpst.: Falchion   |       |       |     1 |       ||     1
